 Seeded DCSS version 0.30.1-11-g7821555f0a (webtiles) character file.

Game seed: 5129858224507802926 (custom seed)

456 Psyclone the Conjurer (level 6, -2/35 HPs)
             Began as a Deep Elf Conjurer on Nov 10, 2023.
             Slain by an iguana (13 damage)
             ... on level 4 of the Dungeon.
             The game lasted 00:04:41 (3462 turns).

Psyclone the Conjurer (Deep Elf Conjurer)           Turns: 3462, Time: 00:04:41

Health: -2/35      AC:  3    Str:  2    XL:     6   Next: 77%
Magic:  9/17       EV: 12    Int: 33    God:
Gold:   345        SH:  0    Dex: 11    Spells: 14/17 levels left

rFire   . . .        (no weapon)
rCold   . . .        (no shield)
rNeg    . . .        a - +0 robe
rPois   .            (no helmet)
rElec   .            (no cloak)
rCorr   .            (no gloves)
SInv    .            m - +0 pair of boots
Will    .....        (no amulet)
Stlth   ++           (no ring)
HPRegen 0.25/turn    (no ring)
MPRegen 0.15/turn

%: clarity
@: no status effects
A: clarity, clever 2, robust 1, sturdy frame 1
a: no special abilities


You were on level 4 of the Dungeon.
You visited 2 branches of the dungeon, and saw 5 of its levels.

You collected 345 gold pieces.

Inventory:

Hand Weapons
 l - a +0 short sword
Armour
 a - a +0 robe (worn)
 m - a +0 pair of boots (worn)
Scrolls
 d - 2 scrolls of amnesia {unknown}
 e - a scroll of magic mapping {unknown}
 f - 4 scrolls of fear {unknown}
 h - 2 scrolls of vulnerability {unknown}
 j - 3 scrolls of identify {unknown}
 o - a scroll of poison {unknown}
Potions
 b - a potion of magic
 c - 3 potions of mutation
 g - 2 potions of flight {unknown}
 i - a potion of might {unknown}
 k - 2 potions of curing {unknown}
 n - a potion of berserk rage {unknown}


   Skills:
 - Level 2.4 Dodging
 - Level 2.4 Stealth
 + Level 6.1 Spellcasting
 * Level 7.8 Conjurations


You had 14 spell levels left.
You knew the following spells:

 Your Spells              Type           Power      Damage    Failure   Level
a - Magic Dart            Conj           100%       1d8       1%          1
b - Searing Ray           Conj           100%       2d8       1%          2

Your spell library contained the following spells:

 Spells                   Type           Power      Damage    Failure   Level
 Dazzling Flash           Conj/Hex       70%        N/A       2%          3
 Fulminant Prism          Conj/Hex       17%        3d11      9%          4
 Iskenderun's Mystic Bla  Conj/Tloc      35%        2d8       9%          4


Dungeon Overview and Level Annotations

Branches:
Dungeon (4/15) Zot: 20562  Temple (1/1) D:4 Zot: 5973

Altars:
Dithmenos
Elyvilon
Hepliaklqana
Ru
Sif Muna
Vehumet
Yredelemnul
Zin

Shops:
D:1 [   D:2 =![(


Innate Abilities, Weirdness & Mutations

You possess an exceptional clarity of mind.
Your mind is very acute. (Int +8, Str/Dex -2)
You are robust. (+10% HP)
Your movements are slightly less encumbered by armour. (ER -2)


Message History

Casting: Magic Dart (safe; 1% risk of failure)
Confirm with . or Enter, or press ? or * to list all spells.
Aiming: Magic Dart (safe; 1% risk of failure)
Press: ? - help, Shift-Dir - straight line, f - iguana
Aim: an iguana (100% to hit)
Okay, then.
Casting: Magic Dart (safe; 1% risk of failure)
Confirm with . or Enter, or press ? or * to list all spells.
Aiming: Searing Ray (safe; 1% risk of failure)
Press: ? - help, Shift-Dir - straight line, f - iguana
Aim: an iguana (85% to hit)
The searing ray misses the iguana. (Press . to maintain the ray.)
You now have 15/17 mp.
The searing ray hits the iguana.
The iguana is lightly wounded.
You now have 14/17 mp.
The searing ray hits the iguana.
The iguana is lightly wounded.
The iguana barely misses you.
You now have 13/17 mp.
The searing ray hits the iguana!
The iguana is severely wounded.
You finish channelling your searing ray.
The iguana bites you!
You take 14 damage, and have 21/35 hp.
MASSIVE DAMAGE!!
You now have 12/17 mp.
Casting: Searing Ray (safe; 1% risk of failure)
Confirm with . or Enter, or press ? or * to list all spells.
Aiming: Searing Ray (safe; 1% risk of failure)
Press: ? - help, Shift-Dir - straight line, f/p - iguana
Aim: an iguana (severely wounded, 85% to hit)
The searing ray hits the iguana.
The iguana is almost dead. (Press . to maintain the ray.)
The iguana bites you!
You take 10 damage, and have 11/35 hp.
MASSIVE DAMAGE!!
You now have 10/17 mp.
The searing ray hits the iguana.
The iguana is almost dead.
The iguana bites you!
You die...

#..# #................. ##.#
##....######.......
#.###..)### ##.........
#.......# #.^.##.....
###.......#####..##......
#.....................###
#.#....))....##.##.####
#.#........####.#..#####
###.#.....@).####...##...##
#......#..l##......##...⌠...
#.......).(####.......#...##
#...(..#.#.###........#####
#......#[............##
#............>#......####
#......#.#.##...........####
#..........####......##.....
#..........# #...#.#####...


You could see an iguana.

Vanquished Creatures
  Eustachio (D:4)
  3 orc priests
  2 orc wizards
  4 gnolls (D:2)
  2 adders
  A worm (D:2)
  2 dart slugs
  17 orcs
  5 bats
  8 endoplasms
  2 giant cockroaches (D:3)
  10 goblins
  7 hobgoblins
  4 quokkas
  9 ball pythons
  6 frilled lizards
  3 kobolds
  4 rats
90 creatures vanquished.

Notes
Turn   | Place    | Note
-------+----------+-------------------------------------------
     0 | D:1      | Psyclone the Deep Elf Conjurer began the quest for the Orb.
     0 | D:1      | Reached XP level 1. HP: 10/10 MP: 6/6
    80 | D:2      | Found Zutuxkoi's Jewellery Shop.
    83 | D:2      | Reached XP level 2. HP: 15/15 MP: 4/8
   100 | D:2      | Learned a level 2 spell: Searing Ray
   149 | D:2      | Gained mutation: You possess an exceptional clarity of
                  | mind. [potion of mutation]
   149 | D:2      | Gained mutation: Your movements are slightly less
                  | encumbered by armour. (ER -2) [potion of mutation]
   149 | D:2      | Gained mutation: You have hidden genetic potential. [potion
                  | of mutation]
   287 | D:2      | Found Tatheism's Distillery.
   295 | D:2      | Reached skill level 5 in Conjurations
   345 | D:2      | Found Xoolosaxt's Antique Armour Shop.
   438 | D:2      | Reached XP level 3. HP: 19/19 MP: 6/10
   451 | D:2      | Gained mutation: You are robust. (+10% HP) [hidden
                  | potential]
   621 | D:3      | Reached XP level 4. HP: 7/26 MP: 7/12
   622 | D:3      | Reached skill level 6 in Conjurations
   634 | D:3      | Gained mutation: You have great hidden genetic potential.
                  | [hidden potential]
   634 | D:3      | Lost mutation: You have great hidden genetic potential.
                  | [hidden potential expressed]
   811 | D:4      | Reached XP level 5. HP: 16/30 MP: 8/14
   813 | D:4      | Reached skill level 5 in Spellcasting
   823 | D:4      | Gained mutation: Your mind is acute. (Int +4, Str/Dex -1)
                  | [hidden potential]
   895 | D:4      | Noticed Eustachio
   910 | D:4      | Killed Eustachio
   911 | D:4      | Reached skill level 7 in Conjurations
   911 | D:4      | Reached XP level 6. HP: 33/35 MP: 5/16
   913 | D:4      | Gained mutation: Your mind is very acute. (Int +8, Str/Dex
                  | -2) [hidden potential]
   913 | D:4      | Lost mutation: You have hidden genetic potential. [hidden
                  | potential expressed]
  2305 | D:2      | Found Ogoraot's Weapon Shop.
  2753 | D:1      | Found Qair's Armour Shoppe.
  3237 | D:4      | Found a staircase to the Ecumenical Temple.
  3329 | Temple   | Entered the Ecumenical Temple
  3418 | D:4      | Found a white marble altar of Elyvilon.
  3462 | D:4      | Slain by an iguana

Illustrated notes

Levels and vault maps discovered:
D:1:      saegor_arrival_simple_c, layout_rooms, serial_shops, shop,
          kennysheep_nondescript, minmay_misc_feat_ornament
D:2:      layout_basic, serial_shops, nicolae_shop_tiny_statue_garden,
          nicolae_shop_scrapyard, shop, shop
D:3:      layout_loops_ring
D:4:      layout_rooms, elyvilon_altar_1, minmay_temple_entry_trees,
          uniq_eustachio
Temple:   hellmonk_temple_two_chambers

Skill      XL: |  1  2  3  4  5  6 |
---------------+-------------------+-----
Conjurations   | 5 6 7 |  7.8
Spellcasting   | 4 5 6 |  6.1
Dodging        | |  2.4
Stealth        | |  2.4

Action                     |  1- 3 |  4- 6 || total
---------------------------+-------+-------++-------
   Cast: Magic Dart        |    16 |   107 ||   123
         Searing Ray       |     9 |    12 ||    21
    Use: Potion            |     1 |       ||     1
  Dodge: Dodged            |     1 |    17 ||    18
